 Dungeon Crawl Stone Soup version 0.18-a0-1577-gf591c28 (webtiles) character file.

1646 namelastname112 the Cleaver (level 8, -9/71 HPs)
             Began as a Black Draconian Berserker on Mar 19, 2016.
             Was an Elder of Trog.
             Mangled by HandofTrog's ghost (37 damage)
             ... on level 7 of the Dungeon.
             The game lasted 00:07:18 (5648 turns).

namelastname112 the Cleaver (DrBe)                  Turns: 5648, Time: 00:07:18

Health: -9/71      AC:  8    Str: 19    XL:     8   Next: 67%
Magic:  8/8        EV: 14    Int:  9    God:    Trog [****..]
Gold:   208        SH:  0    Dex: 12    Spells: 0 memorised, 7 levels left

rFire  . . .     SeeInvis .     g - +2 hand axe (elec)
rCold  . . .     Gourm    .     (armour unavailable)
rNeg   . . .     Faith    .     (no shield)
rPois  .         Spirit   .     q - +1 hat
rElec  +         Dismiss  .     (no cloak)
rCorr  .         Reflect  .     x - +0 pair of gloves
SustAt +         Harm     .     (no boots)
MR     .....                    (no amulet)
Stlth  +.........               (no ring)
                                H - ring of sustain attributes

@: exhausted, slowed, very slow, not resistant to hostile enchantments, very
unstealthy
A: breathe lightning, unfitting armour, electricity resistance, cold-blooded, AC
+6
a: Breathe Lightning, Berserk, Trog's Hand, Brothers in Arms, Burn Spellbooks,
Renounce Religion


You were on level 7 of the Dungeon.
You worshipped Trog.
Trog was greatly pleased with you.
You were not hungry.

You visited 1 branch of the dungeon, and saw 7 of its levels.

You collected 316 gold pieces.
You spent 96 gold pieces at shops.

Inventory:

Hand Weapons
 g - a +2 hand axe of electrocution (weapon)
Missiles
 A - 7 javelins (quivered)
Armour
 q - a +1 hat (worn)
 x - a +0 pair of gloves (worn)
Jewellery
 H - a ring of sustain attributes (left hand)
Wands
 l - a wand of flame (34/48)
 n - a wand of flame (16/48)
 v - a wand of iceblast (4/15)
 y - a wand of heal wounds (3/9)
 E - a wand of slowing (35/48)
Scrolls
 c - a scroll of amnesia {unknown}
 e - 6 scrolls of teleportation {unknown}
 f - 5 scrolls of identify {unknown}
 i - 2 scrolls of remove curse {unknown}
 p - a scroll of fear {unknown}
 r - 3 scrolls of noise {unknown}
 t - a scroll of recharging {unknown}
 z - a scroll of enchant weapon {unknown}
Potions
 a - a potion of degeneration {unknown}
 d - a potion of invisibility {unknown}
 h - 4 potions of curing {unknown}
 j - 3 potions of heal wounds {unknown}
 m - a potion of magic {unknown}
 o - a potion of might {unknown}
 s - 2 potions of cure mutation {unknown}
 u - a potion of ambrosia {unknown}
 B - a potion of cancellation {unknown}
 C - a potion of flight {unknown}
 F - a potion of haste {unknown}
 G - a potion of lignification {unknown}
Books
 k - a book of Necromancy

   Spells                             Type                      Level
   a - Pain                           Necromancy                   1
   b - Animate Skeleton               Necromancy                   1
   c - Vampiric Draining              Necromancy                   3
   d - Regeneration                   Charms/Necromancy            3
   e - Animate Dead                   Necromancy                   4
   f - Control Undead                 Necromancy                   4
   Trog disapproves of the use of such an item.
Comestibles
 b - 2 bread rations
 D - a beef jerky


   Skills:
 + Level 6.7 Fighting
 * Level 8.2 Axes
 + Level 2.7 Throwing
 + Level 5.1 Dodging


You had 7 spell levels left.
You didn't know any spells.

Dungeon Overview and Level Annotations

Branches:
Dungeon (7/15)
 Temple: D:4-7

Altars:
Ashenzari
Dithmenos
Fedhas
Nemelex Xobeh
Pakellas
Xom
The Shining One

Shops:
D:6 [

Annotations:
D:7 HandofTrog's ghost, novice OgBe


Innate Abilities, Weirdness & Mutations

You can breathe wild blasts of lightning.
Your glossy black scales are hard (AC +6).
Your body does not fit into most forms of armour.
You are resistant to electric shocks.
You are cold-blooded and may be slowed by cold attacks.


Message History

You feel a strong urge to attack something.
You feel your anger subside.
You are no longer berserk.
You are exhausted.
You feel yourself slow down.
Drink which item? (? for menu, Esc to quit)
Okay, then.
Read which item? (? for menu, Esc to quit)
Okay, then.
Evoke which item? (* to show all) (? for menu, Esc to quit)
Okay, then.
You fail to use your ability.
HandofTrog's ghost shrieks, "What do you have that I didn't have?"
Evoke which item? (* to show all) (? for menu, Esc to quit)
Zapping:
y - a wand of heal wounds (will waste charges)
Press: ? - help, Shift-Dir - straight line, f - you You feel much better.
Evoking this partially-identified wand wasted a few charges.
HandofTrog's ghost hits you!!!
Ouch! That really hurt!
You die...

###### #.. .#
#######.##.#
.......<...#
.######....# #
#......#.#
##...W...#
##.(@...#
...........#
#######........
#...##.## #...#
# #...# #...#
##...


You could see HandofTrog's ghost.

Vanquished Creatures
  A merfolk (D:5)
  The ghost of Rayvis the Chopper, an amateur MiFi (D:5)
  Menkaure (D:6)
  An orc warrior (D:6)
  An ice beast (D:6)
  A sky beast (D:6)
  2 ogres (D:4)
  A big kobold (D:5)
  Blork the orc (D:6)
  A scorpion (D:5)
  2 howler monkeys
  A gnoll shaman (D:5)
  A giant frog zombie (D:4)
  An orc priest (D:6)
  A hound (D:4)
  2 iguanas (D:4)
  3 orc wizards
  8 worker ants
  Terence (D:3)
  A mummy (D:6)
  4 gnolls (D:5)
  A howler monkey skeleton (D:4)
  9 adders
  2 shadow imps
  An adder skeleton (D:6)
  A dart slug (D:1)
  3 giant geckos
  23 orcs
  6 giant cockroaches
  5 goblins
  7 hobgoblins
  6 jackals
  5 kobolds
  2 quokkas
  4 ball pythons
  7 bats
  A giant gecko skeleton (D:5)
  6 giant newts
  3 kobold zombies (D:6)
  A quokka skeleton (D:5)
  6 rats
135 creatures vanquished.

Notes
Turn   | Place    | Note
--------------------------------------------------------------
     0 | D:1      | namelastname112 the Draconian Berserker began the quest for the Orb.
     0 | D:1      | Reached XP level 1. HP: 19/19 MP: 1/1
   190 | D:1      | Reached XP level 2. HP: 21/26 MP: 2/2
   667 | D:2      | Found a faded altar to an unknown god.
   670 | D:2      | Reached ** piety under Trog
   678 | D:2      | Reached XP level 3. HP: 28/33 MP: 3/3
   730 | D:2      | Found an oddly glowing altar of Pakellas.
   859 | D:2      | Found a glowing golden altar of the Shining One.
   948 | D:2      | Reached skill level 4 in Axes
  1050 | D:2      | Found a blossoming altar of Fedhas.
  1472 | D:3      | Reached XP level 4. HP: 40/40 MP: 4/4
  1708 | D:3      | Reached *** piety under Trog
  1948 | D:3      | Noticed Terence
  1950 | D:3      | Killed Terence
  1950 | D:3      | Reached XP level 5. HP: 26/46 MP: 5/5
  2401 | D:4      | Reached skill level 5 in Axes
  2557 | D:4      | Reached XP level 6. HP: 50/53 MP: 6/6
  2693 | D:4      | Reached skill level 5 in Fighting
  2709 | D:4      | Reached skill level 6 in Axes
  2868 | D:4      | Your scales start taking on a glossy black colour.
  2868 | D:4      | Reached XP level 7. HP: 33/61 MP: 7/7
  2868 | D:4      | Gained mutation: You are resistant to electric shocks. [Black Draconian growth]
  3038 | D:4      | Reached **** piety under Trog
  3299 | D:4      | Found a shimmering altar of Xom.
  3429 | D:5      | Entered Level 5 of the Dungeon
  3463 | D:5      | Noticed Rayvis's ghost (amateur MiFi)
  3471 | D:5      | Killed Rayvis's ghost
  3471 | D:5      | Reached skill level 1 in Throwing
  3710 | D:5      | Reached skill level 7 in Axes
  3959 | D:5      | Found a sparkling altar of Nemelex Xobeh.
  3984 | D:5      | Noticed Rueclebidd
  3998 | D:5      | Killed Rueclebidd the merfolk
  4208 | D:5      | Found a shattered altar of Ashenzari.
  4465 | D:6      | Found Veol's Antique Armour Boutique.
  4468 | D:6      | Found a shadowy altar of Dithmenos.
  4470 | D:6      | Bought an embroidered hat for 96 gold pieces
  4598 | D:6      | Reached XP level 8. HP: 54/70 MP: 8/8
  4968 | D:6      | Noticed Blork the orc
  4975 | D:6      | Killed Blork the orc
  4975 | D:6      | Reached skill level 5 in Dodging
  5259 | D:6      | Reached skill level 8 in Axes
  5489 | D:6      | Noticed Menkaure
  5497 | D:6      | Killed Menkaure
  5639 | D:7      | Noticed HandofTrog's ghost (novice OgBe)
  5642 | D:7      | HP: 2/106 [HandofTrog's ghost (30)]
  5648 | D:7      | Mangled by HandofTrog's ghost

Vault maps used:
D:1:      dpeg_arrival_tiny_c
D:2:      nicolae_overflow_hidden_temple, nicolae_tso_swordbearing_angel,
          lemuel_coloured_pillars_altar, ecumenical_altar_1
D:3:      kennysheep_big_flooded_room, uniq_terence
D:4:      kennysheep_little_box
D:5:      nicolae_overflow_crystal_walls, nemelex_deck, first_bread
D:6:      overflow_temple_1_default, serial_shops, shop_fountains,
          minmay_mini_ossuary, uniq_menkaure, uniq_blork_the_orc
D:7:      old_standard_altar, old_standard_altar, temple_statues

Skill      XL: |  1  2  3  4  5  6  7  8 |
---------------+-------------------------+-----
Axes           | 4 5 6 7 8 |  8.2
Dodging        | 3 4 5 |  5.1
Fighting       | 4 5 6 |  6.7
Throwing       | 1 2 |  2.7

Action                   |  1- 3 |  4- 6 |  7- 9 || total
-------------------------+-------+-------+-------++-------
Melee: Hand axe          |   121 |   111 |   170 ||   402
Throw: Javelin           |       |       |    10 ||    10
Invok: Berserk           |       |     1 |     5 ||     6
       Trog's Hand       |       |       |     1 ||     1
 Abil: Breathe Lightning |       |       |     1 ||     1
Evoke: Deck              |       |       |     9 ||     9
       Wand              |       |       |     1 ||     1
 Stab: Sleeping          |     3 |       |       ||     3
  Eat: Chunk             |     2 |     5 |     6 ||    13
       Bread ration      |       |       |     1 ||     1
       Beef jerky        |       |       |     1 ||     1
       Meat ration       |       |       |     1 ||     1
